 Dungeon Crawl Stone Soup version 0.17-a0-1421-g95311d7 (webtiles) character file.

249 bal the Chopper (level 5, -1/41 HPs)
             Began as a Demonspawn Gladiator on June 24, 2015.
             Slain by a wight
             ... wielding a cursed +0 falchion
              (2 damage)
             ... on level 6 of the Dungeon.
             The game lasted 00:09:20 (2282 turns).

bal the Chopper (Demonspawn Gladiator)              Turns: 2282, Time: 00:09:20

Health: -1/41      AC:  4    Str: 16    XL:     5   Next: 87%
Magic:  5/5        EV:  8    Int: 10    God:
Gold:   102        SH:  0    Dex: 18    Spells: 0 memorised, 4 levels left

rFire  . . .     SeeInvis .     c - +0 war axe
rCold  . . .     Clarity  .     v - +1 leather armour "Qasy Tuwk" {-Tele Dex+5}
rNeg   . . .     SustAt   .     (no shield)
rPois  .         Gourm    .     (helmet restricted)
rElec  .         Spirit   .     (no cloak)
rCorr  .         Warding  .     (no gloves)
rMut   .         NoTele   +     (no boots)
MR     .....                    (no amulet)
Stlth  +.........               (no ring)
                                (no ring)

@: heavily drained, not resistant to hostile enchantments, very unstealthy
A: hooves 1, horns 1, deterioration 1, powered by death 2, MP-powered wands
a: no special abilities


You were on level 6 of the Dungeon.
You were not hungry.

You visited 1 branch of the dungeon, and saw 6 of its levels.

You collected 102 gold pieces.

Inventory:

Hand weapons
 a - a +0 war axe
 c - a +0 war axe (weapon)
 k - a +0 dagger of protection
Missiles
 d - 3 throwing nets
 m - 5 needles of frenzy
 t - 8 javelins of returning (quivered)
Armour
 p - a +0 chain mail
 r - a +2 ring mail of magic resistance
 s - a +2 ring mail
 v - the +1 leather armour "Qasy Tuwk" (worn) {-Tele Dex+5}
   (You found it on level 4 of the Dungeon)

   It affects your dexterity (+5).
   It prevents most forms of teleportation.
Jewellery
 b - an uncursed ring of wizardry
 f - an uncursed ring of invisibility {unknown}
 l - a +3 ring of dexterity {unknown}
Magical devices
 g - a wand of random effects (30)
Scrolls
 i - 2 scrolls of amnesia
 n - a scroll of remove curse
 o - 3 scrolls of teleportation
Books
 q - a book of the Tempests

   Spells                             Type                      Level
   a - Static Discharge               Conjuration/Air              3
   b - Lightning Bolt                 Conjuration/Air              5
   c - Fireball                       Conjuration/Fire             5
   d - Tornado                        Air                          9
   e - Shatter                        Earth                        9
Comestibles
 e - 2 bread rations
 x - 4 fruits


   Skills:
 + Level 3.1(1.8) Fighting
 + Level 3.8(2.6) Axes
 + Level 1.9(0.7) Throwing
 + Level 2.6(1.4) Armour
 + Level 3.7(2.5) Dodging


You had 4 spell levels left.
You didn't know any spells.

Dungeon Overview and Level Annotations

Branches:
Dungeon (6/15)
 Temple: D:4-7

Altars:
Ashenzari
Dithmenos
Sif Muna
Zin

Annotations:
D:4 esc's ghost, experienced MiBe
D:5 Grinder


Innate Abilities, Weirdness & Mutations

You have a pair of small horns on your head.
You regenerate health from kills.
You have large cloven feet.
Your body sometimes deteriorates upon taking damage.
You expend magic power (3 MP) to strengthen your wands.


Message History

The wight closely misses you. The wight hits you with a falchion!
You feel drained.
You closely miss the wight. You kick the wight, but do no damage.
The wight is moderately damaged.
The wight hits you from afar with an enchanted halberd.
The wight hits you with a falchion!
You feel drained.
You closely miss the wight. You kick the wight, but do no damage.
The wight is moderately damaged.
The wight closely misses you. The wight hits you with a falchion!
* * * LOW HITPOINT WARNING * * *
You feel drained.
* * * LOW HITPOINT WARNING * * *
You are too injured to fight recklessly!
The wight hits you with a falchion.
* * * LOW HITPOINT WARNING * * *
There is a stone staircase leading down here.
The wight hits you with a falchion.
* * * LOW HITPOINT WARNING * * *
You feel drained.
You die...

#.# #.# #.# #.# #.# #.#
#.#
###############.#########
................@zz.zz..#
#####.#################.#
#.# #.# # #.# #z# # #.#
#.# # ##'####### #z# ##
#......... #.# .#
#......... #.#
.###......... #.#


You could see 4 wights.

Vanquished Creatures
  Terence (D:2)
  An iguana (D:4)
  A worker ant (D:6)
  A hound skeleton (D:5)
  3 gnolls (D:4)
  5 adders
  A worm (D:2)
  3 giant geckos
  5 orcs
  3 ball pythons
  A bat skeleton (D:4)
  4 giant cockroaches (D:3)
  10 goblins
  9 hobgoblins
  6 bats
  A giant gecko skeleton (D:4)
  4 giant newts
  9 jackals
  11 kobolds
  5 rats
84 creatures vanquished.

Notes
Turn   | Place    | Note
--------------------------------------------------------------
     0 | D:1      | bal the Demonspawn Gladiator began the quest for the Orb.
     0 | D:1      | Reached XP level 1. HP: 16/16 MP: 1/1
   141 | D:1      | Reached skill level 3 in Dodging
   183 | D:1      | Gained mutation: You have a pair of small horns on your head. [demonic ancestry]
   183 | D:1      | Reached XP level 2. HP: 13/22 MP: 2/2
   627 | D:2      | Reached XP level 3. HP: 20/27 MP: 3/3
   672 | D:2      | Noticed Terence
   686 | D:2      | Killed Terence
   823 | D:2      | Found a deep blue altar of Sif Muna.
   885 | D:2      | Gained mutation: You regenerate a little health from kills. [demonic ancestry]
   885 | D:2      | Reached XP level 4. HP: 33/33 MP: 4/4
   896 | D:2      | Reached skill level 1 in Armour
   958 | D:2      | Found a glowing silver altar of Zin.
   958 | D:2      | Found a shattered altar of Ashenzari.
   959 | D:2      | Found a shadowy altar of Dithmenos.
  1323 | D:2      | Found a deep blue altar of Sif Muna.
  1800 | D:4      | Gained mutation: You regenerate health from kills. [demonic ancestry]
  1800 | D:4      | Reached XP level 5. HP: 30/39 MP: 5/5
  2107 | D:4      | Got a warped leather armour
  2154 | D:4      | Noticed esc's ghost (experienced MiBe)
  2162 | D:5      | Entered Level 5 of the Dungeon
  2165 | D:5      | Noticed Grinder
  2189 | D:6      | Identified the +1 leather armour "Qasy Tuwk" {-Tele Dex+5} (You found it on level 4 of the Dungeon)
  2215 | D:6      | Gained mutation: You expend magic power (3 MP) to strengthen your wands. [potion of mutation]
  2215 | D:6      | Gained mutation: Your body sometimes deteriorates upon taking damage. [potion of mutation]
  2215 | D:6      | Gained mutation: You have large cloven feet. [potion of mutation]
  2282 | D:6      | HP: 1/41 [wight/falchion (6)]
  2282 | D:6      | Slain by a wight

Vault maps used:
D:1:      dpeg_arrival_ternary, moated_statue
D:2:      lemuel_doored_altar, gammafunk_temple_overflow_claw, first_bread,
          lemuel_blue_sif_altar, uniq_terence
D:3:      minmay_misc_feat_iff
D:4:      okawaru_altar_gauntlet_db, kennysheep_mini_moat, enter_ossuary_3,
          minmay_crystal_water, minmay_misc_feat_five, uniq_eustachio
D:5:      old_standard_altar, minmay_temple_entry_butterflies, serial_shops,
          shop, uniq_grinder
D:6:      uniq_crazy_yiuf_cottage

Action                   |  1- 3 |  4- 6 || total
-------------------------+-------+-------++-------
Melee: War axe           |    90 |   175 ||   265
  Use: Scroll            |       |     9 ||     9
       Potion            |       |     5 ||     5
  Eat: Chunk             |       |     2 ||     2
       Beef jerky        |       |     1 ||     1
       Bread ration      |       |     1 ||     1
